 Dungeon Crawl Stone Soup version 0.26-a0-831-g7192265339 (webtiles) character file.

Game seed: 15361095322245732179

86685 mattiecakes the Blocker (level 15, -20/101 HPs)
             Began as a Gargoyle Fighter on Nov 16, 2020.
             Was a High Priest of Okawaru.
             Killed by the air
             ... invoked by Zos Rek's ghost
              (27 damage)
             ... on level 15 of the Dungeon.
             The game lasted 00:44:11 (28635 turns).

mattiecakes the Blocker (Gargoyle Fighter)         Turns: 28635, Time: 00:44:12

Health: -20/101    AC: 51    Str: 31    XL:     15   Next: 88%
Magic:  15/21      EV: 12    Int: 10    God:    Okawaru [*****.]
Gold:   1806       SH: 22    Dex: 15    Spells: 14/14 levels left

rFire    . . .     SeeInvis +   F - +1 war axe (flame)
rCold    . . .     Faith    .   c - +0 kite shield
rNeg     + . .     Spirit   .   Q - +4 plate armour "Gaats" {+Inv MR+}
rPois    ∞         Reflect  +   T - +0 helmet {SInv}
rElec    +         Harm     .   s - +1 cloak {MR+}
rCorr    .         Rampage  +   K - +3 pair of gloves of Immorality {+Fly rElec MR++ Slay-3}
MR       +++++                  o - +0 pair of boots {rampage}
Stlth    ..........             q - amulet "Tying" {Reflect Dex+6 SH+5}
HPRegen  0.26/turn              S - +4 ring of protection
MPRegen  0.17/turn              t - +6 ring of strength

@: heroism, finesse, flying
A: big wings, icy blue scales 1, negative energy resistance 1, electricity
resistance, unbreathing, petrification resistance, rot immunity, AC +11
a: Stop Flying, Heroism, Finesse, Renounce Religion, Evoke Invisibility


You were on level 15 of the Dungeon.
You worshipped Okawaru.
Okawaru was extremely pleased with you.
You visited 2 branches of the dungeon, and saw 21 of its levels.
You also visited: Ossuary.

You collected 1806 gold pieces.

Inventory:

Hand Weapons
 F - a +1 war axe of flaming (weapon)
Armour
 c - a +0 kite shield (worn)
 o - a +0 pair of boots of rampaging (worn)
 s - a +1 cloak of magic resistance (worn)
 K - the +3 pair of gloves of Immorality (worn) {+Fly rElec MR++ Slay-3}
   (You found it on level 7 of the Dungeon)

   It affects your accuracy and damage with ranged weapons and melee attacks
   (-3).
   It insulates you from electricity.
   It affects your resistance to hostile enchantments.
   It lets you fly.
 Q - the +4 plate armour "Gaats" (worn) {+Inv MR+}
   (You found it on level 3 of the Lair of Beasts)

   It affects your resistance to hostile enchantments.
   It lets you turn invisible.
 T - a +0 helmet of see invisible (worn)
Jewellery
 a - the amulet "Opheu" {Acrobat +Blink Str+4 Int+2 SInv}
   (You acquired it on level 2 of the Lair of Beasts)

   [amulet of the acrobat]

   It helps you evade while moving and waiting.
   It affects your strength (+4).
   It affects your intelligence (+2).
   It lets you see invisible.
   It lets you blink.
 n - an uncursed ring of protection from cold
 q - the amulet "Tying" (around neck) {Reflect Dex+6 SH+5}
   (You acquired it on level 15 of the Dungeon)

   [amulet of reflection]

   It shields you and reflects attacks.
   It affects your dexterity (+6).
   It affects your SH (+5).
 t - a +6 ring of strength (right hand)
 E - an uncursed ring of resist corrosion
 S - a +4 ring of protection (left hand)
 V - the ring of Lugonu's Scorn {Wiz MP+9}
   (You found it on level 4 of the Lair of Beasts)

   [ring of wizardry]

   It improves your spell success rate.
   It affects your magic capacity (+9).
Wands
 r - a wand of polymorph (5)
 D - a wand of paralysis (20)
 G - a wand of digging (10)
 I - a wand of disintegration (47)
 J - a wand of iceblast (9)
 N - a wand of acid (21)
 W - a wand of random effects (17)
Scrolls
 b - 3 scrolls of fear
 g - a scroll of enchant armour
 j - 7 scrolls of enchant weapon
 k - 3 scrolls of fog
 l - 11 scrolls of teleportation
 m - 9 scrolls of remove curse
 u - 4 scrolls of blinking
 y - 6 scrolls of amnesia
 C - 4 scrolls of magic mapping
 P - a scroll of identify
 R - a scroll of brand weapon
Potions
 d - 3 potions of mutation
 e - 2 potions of might
 f - a potion of cancellation
 h - 3 potions of resistance
 i - 16 potions of ambrosia
 p - 2 potions of degeneration
 v - 3 potions of invisibility
 w - 6 potions of lignification
 x - a potion of magic
 z - 12 potions of curing
 A - 2 potions of haste
 B - 2 potions of berserk rage
 H - 3 potions of brilliance
 L - 7 potions of heal wounds


   Skills:
 + Level 14.6(19.6) Fighting
 + Level 12.4(17.4) Axes
 + Level 14.6(19.6) Armour
 + Level 14.6(19.6) Shields
 - Level 8.5 Invocations


You had 14 spell levels left.
You didn't know any spells.
Your spell library contained the following spells:

 Spells                   Type           Power        Failure   Level
 Corona                   Hex            #......      83%         1
 Foxfire                  Conj/Fire      #...         83%         1
 Sandblast                Erth           #.....       83%         1
 Shock                    Conj/Air       #...         83%         1
 Passwall                 Tmut/Erth      #.......     92%         2
 Slow                     Hex            #.......     92%         2
 Swiftness                Air            #.......     92%         2
 Conjure Flame            Conj/Fire      #.......     99%         3
 Inner Flame              Hex/Fire       #.......     99%         3
 Portal Projectile        Hex/Tloc       #.....       99%         3
 Static Discharge         Conj/Air       #.......     99%         3
 Stone Arrow              Conj/Erth      #.....       99%         3
 Airstrike                Air            #.........   100%        4
 Cause Fear               Hex            #.........   100%        4
 Leda's Liquefaction      Hex/Erth       #.........   100%        4
 Petrify                  Tmut/Erth      #.......     100%        4
 Sticky Flame             Conj/Fire      #.......     100%        4
 Summon Lightning Spire   Summ/Air       #.......     100%        4
 Fireball                 Conj/Fire      #.........   100%        5
 Lee's Rapid Deconstruct  Erth           #.........   100%        5
 Lightning Bolt           Conj/Air       #.........   100%        5
 Silence                  Hex/Air        #.........   100%        5
 Yara's Violent Unravell  Hex/Tmut       #.........   100%        5
 Discord                  Hex            #.........   100%        8
 Ignition                 Fire           #.........   100%        8
 Shatter                  Erth           #.........   100%        9
 Tornado                  Air            #.........   100%        9


Dungeon Overview and Level Annotations

Branches:
Dungeon (15/15)            Temple (0/1) D:7            Lair (6/6) D:11
 Shoals (0/4) Lair:4       Spider (0/4) Lair:2        Slime (0/5) Lair:5
    Orc (0/2) D:11         Vaults (0/5) D:14         Depths (0/5) D:15
Ossuary (visited)

Altars:
Ashenzari
Cheibriados
Dithmenos
Kikubaaqudgha
Okawaru
Ru
Uskayaw
Vehumet
Wu Jian
Xom

Shops:
D:4 *   D:8 ?   D:14 *

Annotations:
D:15 Zos Rek's ghost, adept DEFE


Innate Abilities, Weirdness & Mutations

You are resistant to torment.
Your stone body is resilient. (AC +11)
You are immune to poison.
Your large and strong wings let you fly indefinitely.
You resist negative energy. (rN+)
You are resistant to electric shocks. (rElec)
You can survive without breathing.
You are immune to petrification.
You are immune to rotting.
You are partially covered in icy blue scales. (AC +2)


Message History

You hack one of the four-headed hydra's heads off!
The flame cauterises the wound!
You slash the three-headed hydra! You burn the three-headed hydra.
The three-headed hydra is almost dead.
You hit Zos Rek's ghost but do no damage.
You block the three-headed hydra's attack. x2
The three-headed hydra bites you but does no damage.
Zos Rek's ghost points at you and mumbles some strange words.
The bolt of fire hits you!!!
* * * LOW HITPOINT WARNING * * *
You hack one of the three-headed hydra's heads off!
The flame cauterises the wound!
You slice the two-headed hydra!! You burn the two-headed hydra.
You kill the two-headed hydra!
Okawaru accepts your kill.
You hit Zos Rek's ghost but do no damage.
Unknown command.
Zos Rek's ghost waves its arms in wide circles.
The air twists around and violently strikes you in flight!!
You die...

#............# #..........#
#.##########.# #.########.### #.#
#.#######.# #.... #.# #.........#
#.### ..# #########.# #.#
#.######## #♣.$##.##.########.#
#........##♣."..#.##..........#
#.########♣.....'.##.########.###
#.# #≈?.)..@..#.# #.... #.#
#≈.....W....# #.### #.#
##♣.)..#.##.# #.# #.# #P≈.##.##.#
#.# #.# #########.# #.# #.# #.#
#.# #.# #.# #.# ### ### ###


You could see Zos Rek's ghost.

Vanquished Creatures
  Frances (D:12)
  Agnes (D:15)
  Kirke (D:12)
  An ironheart preserver (D:14)
  A fire dragon (Lair:6)
  A yaktaur captain (D:15)
  3 boulder beetles
  11 hydras
  A death knight (D:13)
  3 two-headed ogres
  4 centaur warriors
  A death yak (Lair:4)
  A tengu warrior (D:15)
  Nergalle (Lair:4)
  A fire crab (Lair:6)
  6 skeletal warriors
  A wizard (D:11)
  3 unseen horrors
  A phantasmal warrior (D:13)
  An orc knight (D:15)
  A deep elf mage (D:14)
  An oklob plant (Lair:3)
  A manticore (D:14)
  3 cyclopes
  An ugly thing (D:11)
  A centaur zombie (D:14)
  8 elephants
  8 black mambas
  Psyche (D:8)
  3 molten gargoyles (Lair:6)
  3 gargoyles
  2 centaur skeletons
  11 cane toads
  5 torpor snails (Lair:6)
  2 rime drakes (Lair:2)
  12 komodo dragons
  A yaktaur (D:15)
  A freezing wraith (D:13)
  A tengu conjurer (D:15)
  3 meliai (D:14)
  A queen bee (D:14)
  10 trolls
  A merfolk (shapeshifter) (D:14)
  A meliai (shapeshifter) (D:15)
  A hornet (D:11)
  4 dream sheep (Lair:6)
  27 blink frogs
  Grinder (D:3)
  4 polar bears
  6 slime creatures (D:15)
  A meliai zombie (D:10)
  A water elemental (D:11)
  7 wyverns
  Sigmund (D:3)
  A shadow (D:15)
  2 wraiths
  4 hogs (D:12)
  5 basilisks
  5 steam dragons
  45 yaks
  A fire elemental (D:14)
  10 vampire mosquitoes
  A soldier ant (D:14)
  2 acid dragons
  22 water moccasins
  3 hell hounds (Lair:6)
  2 eyes of draining
  3 sky beasts
  2 ice beasts
  14 orc warriors
  3 black bears
  A phantom (D:5)
  10 wolves
  6 ogres
  13 centaurs
  2 big kobolds
  4 water moccasin zombies (Ossuary)
  8 bullfrogs
  A wyvern skeleton (D:11)
  6 scorpions
  27 killer bees
  4 wights
  3 electric eels
  A crimson imp (D:11)
  A bullfrog zombie (D:13)
  9 lava snakes
  12 orc priests
  7 hounds
  7 jellies
  Crazy Yiuf (D:2)
  6 bullfrog skeletons
  A gnoll shaman (D:7)
  5 iguanas
  9 worker ants
  Natasha (thrice) (D:3)
  10 hell rats
  15 orc wizards
  A killer bee zombie (D:10)
  5 big kobold zombies (Ossuary)
  A hound skeleton (D:4)
  2 mummies (Ossuary)
  2 worker ant zombies
  2 howler monkey skeletons
  9 gnolls (D:7)
  11 adders
  4 river rats (Lair:4)
  2 white imps
  2 ufetubi
  3 oozes
  3 adder zombies (Ossuary)
  3 worms
  4 dart slugs
  3 leopard geckos
  56 orcs
  11 giant cockroaches
  5 gnoll zombies (Ossuary)
  8 goblins
  14 hobgoblins
  9 jackals
  15 kobolds
  6 quokkas
  3 ball pythons
  5 bats
  6 frilled lizards
  A giant cockroach zombie (D:5)
  5 hobgoblin zombies (Ossuary)
  A jackal skeleton (D:5)
  5 kobold zombies (Ossuary)
  5 leopard gecko skeletons
  3 orc zombies (Ossuary)
  10 rats
701 creatures vanquished.

Vanquished Creatures (others)
  A basilisk (Lair:6)
  20 fungi
  46 plants
67 creatures vanquished.

Grand Total: 768 creatures vanquished

Notes
Turn   | Place    | Note
-------+----------+-------------------------------------------
     0 | D:1      | mattiecakes the Gargoyle Fighter began the quest for the
                  | Orb.
     0 | D:1      | Reached XP level 1. HP: 14/14 MP: 1/1
   101 | D:1      | Reached XP level 2. HP: 19/19 MP: 2/2
   371 | D:1      | Reached XP level 3. HP: 23/23 MP: 3/3
  1174 | D:2      | Found a snail-covered altar of Cheibriados.
  1174 | D:2      | Found a broken altar of Ashenzari.
  1407 | D:2      | Reached XP level 4. HP: 27/29 MP: 4/4
  1433 | D:2      | Found a sacrificial altar of Ru.
  1519 | D:2      | Found a hide-covered altar of Uskayaw.
  1890 | D:2      | Reached XP level 5. HP: 33/33 MP: 5/5
  1960 | D:2      | Found a runed translucent door.
  1961 | D:2      | Noticed Crazy Yiuf
  2387 | D:2      | Killed Crazy Yiuf
  2602 | D:3      | Found an iron altar of Okawaru.
  2617 | D:3      | Noticed Grinder
  2778 | D:2      | Reached XP level 6. HP: 39/39 MP: 6/6
  2801 | D:3      | Killed Grinder
  2802 | D:3      | Reached skill level 5 in Fighting
  2802 | D:3      | Reached skill level 5 in Armour
  2802 | D:3      | Reached skill level 5 in Shields
  2812 | D:3      | Became a worshipper of Warmaster Okawaru
  2831 | D:3      | Reached XP level 7. HP: 14/44 MP: 7/7
  3641 | D:3      | Found a shimmering altar of Xom.
  3699 | D:3      | Noticed Natasha
  3714 | D:3      | Killed Natasha
  3715 | D:3      | Reached skill level 1 in Invocations
  3766 | D:3      | Noticed Sigmund
  3774 | D:3      | Killed Sigmund
  3774 | D:3      | Reached * piety under Okawaru
  4017 | D:3      | Noticed Natasha
  4029 | D:3      | Killed Natasha
  4230 | D:4      | HP: 1/44 [orc priest/divine providence (16)]
  4250 | D:3      | Noticed Natasha
  4256 | D:3      | Killed Natasha
  4603 | D:4      | Reached XP level 8. HP: 43/50 MP: 9/9
  4649 | D:4      | Found a sand-covered staircase.
  4653 | Ossuary  | Entered an ossuary
  5302 | D:4      | Found Ytamul's General Store.
  5960 | D:5      | Entered Level 5 of the Dungeon
  6161 | D:5      | Reached ** piety under Okawaru
  6285 | D:5      | Found an ornate altar of the Wu Jian Council.
  6348 | D:5      | Reached skill level 5 in Axes
  6351 | D:5      | Reached XP level 9. HP: 46/56 MP: 11/11
  7317 | D:6      | Found a radiant altar of Vehumet.
  7663 | D:7      | Got a pair of steaming gloves
  7669 | D:7      | Identified the +3 pair of gloves of Immorality {+Fly rElec
                  | MR++ Slay-3} (You found it on level 7 of the Dungeon)
  7800 | D:7      | Found a staircase to the Ecumenical Temple.
  8007 | D:7      | Reached skill level 5 in Invocations
  8031 | D:7      | Reached *** piety under Okawaru
  8445 | D:8      | Found Deopleuh's Magic Scroll Shop.
  8676 | D:8      | Noticed a two-headed ogre
  8678 | D:8      | Gained mutation: Your large and strong wings let you fly
                  | indefinitely. [potion of mutation]
  8678 | D:8      | Gained mutation: You are partially covered in icy blue
                  | scales. (AC +2) [potion of mutation]
  8689 | D:8      | Killed a two-headed ogre
  8689 | D:8      | Reached **** piety under Okawaru
  8690 | D:8      | Reached XP level 10. HP: 55/64 MP: 12/14
  8850 | D:8      | Noticed Psyche
  8862 | D:8      | Killed Psyche
  9603 | D:9      | Found a hide-covered altar of Uskayaw.
 10038 | D:10     | Entered Level 10 of the Dungeon
 10358 | D:10     | Reached ***** piety under Okawaru
 10513 | D:10     | Reached XP level 11. HP: 34/69 MP: 16/16
 10807 | D:10     | Noticed a two-headed ogre
 10820 | D:10     | Killed a two-headed ogre
 10820 | D:10     | Received a gift from Okawaru
 11983 | D:11     | Noticed a cyclops
 12012 | D:11     | Killed a cyclops
 12460 | D:11     | Noticed a red ugly thing
 12485 | D:11     | Killed a red ugly thing
 12799 | D:11     | Noticed a wizard
 12826 | D:11     | Killed a wizard
 12978 | D:11     | Reached skill level 10 in Fighting
 12978 | D:11     | Reached skill level 10 in Armour
 12978 | D:11     | Reached skill level 10 in Shields
 12984 | D:11     | Found a staircase to the Lair.
 13344 | D:11     | Found a staircase to the Orcish Mines.
 13808 | D:12     | Noticed Kirke
 13815 | D:12     | Reached XP level 12. HP: 77/77 MP: 10/18
 13833 | D:12     | Killed Kirke
 13906 | D:12     | Noticed Frances
 13915 | D:12     | Noticed a sun demon
 13938 | D:12     | Killed Frances
 13938 | D:12     | Received a gift from Okawaru
 14012 | D:12     | Noticed a seven-headed hydra
 14033 | D:12     | Killed a one-headed hydra
 15135 | D:13     | Noticed a boulder beetle
 15149 | D:13     | Noticed a two-headed ogre
 15170 | D:13     | Killed a two-headed ogre
 15180 | D:13     | Killed a boulder beetle
 15181 | D:13     | Reached XP level 13. HP: 35/84 MP: 12/19
 15486 | D:13     | Found a shadowy altar of Dithmenos.
 16599 | D:10     | Got a masterwork chain mail {god gift}
 16610 | D:10     | Identified the +1 chain mail "Bureesse" {rPois MR+ Slay-6
                  | SInv Stlth+} (Okawaru gifted it to you on level 10 of the
                  | Dungeon)
 16681 | Lair:1   | Entered Level 1 of the Lair of Beasts
 17051 | Lair:1   | Reached skill level 10 in Axes
 17374 | Lair:2   | Found a hole to the Spider Nest.
 17413 | Lair:2   | Reached ****** piety under Okawaru
 17413 | Lair:2   | Received a gift from Okawaru
 18964 | Lair:3   | Got a scorched plate armour
 18975 | Lair:3   | Identified the +4 plate armour "Gaats" {+Inv MR+} (You
                  | found it on level 3 of the Lair of Beasts)
 19839 | Lair:4   | Mutation became permanent: Your large and strong wings let
                  | you fly indefinitely. [Gargoyle growth]
 19839 | Lair:4   | Gained mutation: Your large and strong wings let you fly
                  | indefinitely. [Gargoyle growth]
 19839 | Lair:4   | Reached XP level 14. HP: 88/92 MP: 20/20
 20041 | Lair:4   | Found a staircase to the Shoals.
 20112 | Lair:4   | Received a gift from Okawaru
 20314 | Lair:4   | You are sucked into a shaft and drop 1 floor!
 20314 | Lair:5   | Found a staircase to the Slime Pits.
 21090 | Lair:5   | Received a gift from Okawaru
 21508 | Lair:4   | Got a crude copper ring
 22085 | Lair:4   | Noticed Nergalle
 22101 | Lair:4   | Killed Nergalle
 22532 | Lair:2   | Identified the ring of Lugonu's Scorn {Wiz MP+9} (You found
                  | it on level 4 of the Lair of Beasts)
 22542 | Lair:2   | Identified a scroll of acquirement
 22542 | Lair:2   | Acquired the amulet "Opheu" {Acrobat +Blink Str+4 Int+2
                  | SInv}
 22659 | Lair:6   | Entered Level 6 of the Lair of Beasts
 23266 | Lair:6   | Found a snail-covered altar of Cheibriados.
 23506 | Lair:6   | Received a gift from Okawaru
 23655 | Lair:6   | Reached XP level 15. HP: 49/100 MP: 21/21
 24047 | Lair:6   | Received a gift from Okawaru
 24382 | Lair:6   | Found a large runed translucent door.
 24382 | Lair:6   | Found a large runed translucent door.
 25549 | Lair:6   | Identified Bairpheg's Catalogue of the Gliding Mountains
 26451 | D:14     | Found Ryuc's General Store.
 26567 | D:14     | Found a gate to the Vaults.
 26650 | D:14     | Received a gift from Okawaru
 27500 | D:15     | Entered Level 15 of the Dungeon
 27896 | D:15     | Found an ancient bone altar of Kikubaaqudgha.
 27899 | D:15     | Noticed Agnes
 27913 | D:15     | Killed Agnes
 28192 | D:15     | Found a staircase to the Depths.
 28200 | D:15     | Received a gift from Okawaru
 28227 | D:15     | Acquired the amulet "Tying" {Reflect Dex+6 SH+5}
 28321 | D:15     | Found a runed translucent gate.
 28322 | D:15     | Found a runed translucent gate.
 28322 | D:15     | Found a runed translucent gate.
 28322 | D:15     | Noticed Zos Rek's ghost (adept DEFE)
 28635 | D:15     | Killed from afar by Zos Rek's ghost

Illustrated notes

Levels and vault maps discovered:
D:1:      nzn_arrival_settlement, layout_loops_corners, minmay_vboxes
D:2:      layout_loops_corners, eat_drink_and_be_merry_uskayaw,
          gammafunk_temple_overflow_elements, columned_hall_lemuel,
          nicolae_ru_great_annihilating_truth, uniq_crazy_yiuf_cottage
D:3:      layout_basic, okawaru_gym_becter, lemuel_crystal_altar,
          kennysheep_generic_room_9, uniq_grinder, uniq_natasha, uniq_sigmund
D:4:      layout_gridville, serial_shops, shop_statue,
          nicolae_ossuary_entry_plus
D:5:      layout_basic, basic_altar, kennysheep_generic_room_5
D:6:      layout_loops_cross, overflow_temple_1_default, minivault_25
D:7:      layout_loops_cross, temple_hall, nrook_pool_corridor,
          kennysheep_flooded_box, minmay_holes
D:8:      layout_loops_ring, serial_shops, shop_scrolls, minmay_between,
          uniq_psyche
D:9:      layout_irregular_city, basic_altar
D:10:     layout_small_grid
D:11:     layout_basic, lair_entry_dummy, erik_orc_2, lightli_wizard_tower
D:12:     layout_loops_ring, uniq_frances, uniq_kirke
D:13:     layout_irregular_city, enter_trove_3, hangedman_weighted_door,
          nicolae_dithmenos_shadow_blocks
D:14:     layout_long_grid, skrybe_vaults_entry_preservation,
          grunt_decor_junction, serial_shops, shop_fountains, special_room
          [special_room_bee]
D:15:     grunt_enter_depths_snipers, layout_small_grid, basic_altar,
          serial_park_square1 [serial_park_minivault_5x5_6],
          gammafunk_ghost_hydra_chop, uniq_agnes
Lair:1:   layout_gridlike, st_stairs_13
Lair:2:   layout_gridlike, nicolae_spider_entry_non_spiders, lemuel_fruit_tree
Lair:3:   layout_loops_ring, serial_bayou, serial_bayou_pond_a,
          serial_bayou_lagoon_b, serial_bayou_shore_b, serial_bayou_pond_c,
          serial_bayou_crossing, special_room, grunt_forest_stairs_basic,
          minmay_lair_oklob_items
Lair:4:   cheibrodos_lair_river_kwai, layout_regular_city, shoals_dummy_entry,
          kennysheep_abandoned_house, uniq_nergalle
Lair:5:   layout_regular_city, nicolae_slime_entry_slimehenge,
          grunt_megastairs_2
Lair:6:   cheibrodos_lair_end_hotspot, layout_long_grid, minivault_24,
          kennysheep_snail_temple

Skill      XL: |  1  2  3  4  5  6  7  8  9 10 11 12 13 14 15 |
---------------+----------------------------------------------+-----
Axes           | 2 3 4 5 6 7 8 9 10 11 12 | 12.4
Armour         | 4 5 6 8 10 11 12 13 14 | 14.6
Fighting       | 4 5 6 7 8 10 11 12 13 14 | 14.6
Shields        | 4 5 6 7 8 10 11 12 13 14 | 14.6
Invocations    | 2 3 5 7 8 |  8.5

Action                   |  1- 3 |  4- 6 |  7- 9 | 10-12 | 13-15 || total
-------------------------+-------+-------+-------+-------+-------++-------
Melee: War axe           |   100 |    76 |   719 |   854 |  1571 ||  3320
Invok: Heroism           |       |       |     2 |     5 |     8 ||    15
       Finesse           |       |       |       |     3 |     6 ||     9
 Abil: Fly               |       |       |       |     1 |       ||     1
Evoke: Wand              |       |       |       |       |     7 ||     7
  Use: Potion            |       |     2 |     7 |     3 |       ||    12
       Scroll            |       |       |    15 |    14 |     7 ||    36
 Stab: Paralysed         |       |     1 |       |       |       ||     1
Armor: Scale mail        |    53 |    61 |   250 |       |       ||   364
       Plate armour      |       |       |   149 |   739 |   962 ||  1850
       Chain mail        |       |       |    34 |       |       ||    34
       Skin              |       |       |     1 |       |       ||     1
Dodge: Dodged            |    28 |    33 |   198 |   213 |   428 ||   900
       Repelled          |       |       |       |       |     4 ||     4
Block: Kite shield       |    61 |    56 |   412 |   613 |  1098 ||  2240

Table legend: (Time is in decaauts)
 A = Elapsed time spent in this place.
 B = Non-inter-level travel time spent in this place.
 C = Inter-level travel time spent in this place.
 D = Time resting spent in this place.
 E = Time spent auto-exploring this place.
 F = Levels seen in this place.
 G = Mean time per level.
                   A        B        C        D        E       F      G
               +--------+--------+--------+--------+--------+-----+--------+
         Total |  28898 |  27629 |   1269 |   4784 |  17351 |  22 | 1313.5 |
       Dungeon |  19217 |  18576 |    641 |   3330 |  11554 |  15 | 1281.1 |
          Lair |   9050 |   8422 |    628 |   1307 |   5551 |   6 | 1508.3 |
       Ossuary |    630 |    630 |      0 |    147 |    246 |   1 |  630.0 |
               +--------+--------+--------+--------+--------+-----+--------+

Top non-repeatable levels by time:
  Lair:6: 2946 daAuts
     D:2: 1962 daAuts
    D:10: 1882 daAuts
    D:13: 1827 daAuts
    D:11: 1744 daAuts
    D:14: 1658 daAuts
     D:3: 1508 daAuts
  Lair:4: 1485 daAuts
  Lair:2: 1485 daAuts
    D:12: 1279 daAuts
  Lair:3: 1272 daAuts
     D:1: 1197 daAuts
  Lair:5: 1174 daAuts
    D:15: 1103 daAuts
     D:8: 890 daAuts
